 Dungeon Crawl Stone Soup version 0.26-a0-1139-g7d2dc893a1 (webtiles) character file.

Game seed: 744979136256676310

7520 Dracia the Slicer (level 10, -1/74 HPs)
             Began as a Demonspawn Fighter on Dec 21, 2020.
             Was a Believer of Dithmenos.
             Slain by Urug
             ... wielding a +4 glaive
              (16 damage)
             ... on level 1 of the Lair of Beasts.
             The game lasted 00:28:51 (11818 turns).

Dracia the Slicer (Demonspawn Fighter)             Turns: 11818, Time: 00:28:52

Health: -1/74      AC:  9    Str: 16    XL:     10   Next: 95%
Magic:  0/13       EV: 15    Int: 10    God:    Dithmenos [**....]
Gold:   494        SH:  0    Dex: 20    Spells: 2/9 levels left

rFire    . . .     SeeInvis +   t - +2 dagger (venom)
rCold    + . .     Faith    .   (no shield)
rNeg     . . .     Spirit   +   I - +0 steam dragon scales
rPois    +         Reflect  .   k - +0 helmet
rElec    .         Harm     .   n - +0 cloak
rCorr    .         Rampage  .   (no gloves)
Will     .....                  N - +0 pair of boots
Stlth    +++++++++.             G - amulet of guardian spirit
HPRegen  0.22/turn              P - ring of poison resistance
MPRegen  0.13/turn              v - ring of see invisible

@: wreathed by umbra, studying Axes
A: claws 1, thin skeletal structure 2, cold resistance 1, powered by death 1,
freezing cloud immunity
a: Renounce Religion, Shadow Step


You were on level 1 of the Lair of Beasts.
You worshipped Dithmenos.
Dithmenos was pleased with you.
You visited 3 branches of the dungeon, and saw 10 of its levels.
You also visited: Sewer.

You collected 494 gold pieces.


Innate Abilities, Weirdness & Mutations

You have sharp fingernails.
You have a moderately thin skeletal structure. (Dex +4, Stealth+)
Your flesh is cold resistant. (rC+)
You regenerate a little health from kills.
You are immune to freezing clouds.


   Skills:
 - Level 5.1 Fighting
 - Level 10.0 Short Blades
 - Level 2.9 Axes
 - Level 3.1 Armour
 + Level 4.3 Dodging
 - Level 10.0 Stealth
 - Level 3.1 Shields
 - Level 4.0 Invocations


You had 2 spell levels left.
You knew the following spells:

 Your Spells              Type           Power        Failure   Level
a - Apportation           Tloc           0%           36%         1
i - Invisibility          Hex            0%           100%        6

Your spell library contained the following spells:

 Spells                   Type           Power        Failure   Level
 Beastly Appendage        Tmut           0%           36%         1
 Magic Dart               Conj           0%           36%         1
 Blink                    Tloc           N/A          50%         2
 Call Imp                 Summ           0%           50%         2
 Slow                     Hex            0%           50%         2
 Wereblood                Tmut           0%           50%         2
 Conjure Flame            Conj/Fire      0%           75%         3
 Lesser Beckoning         Tloc           0%           75%         3
 Mephitic Cloud           Conj/Pois/Air  0%           75%         3
 Spider Form              Tmut/Pois      0%           75%         3
 Tukima's Dance           Hex            0%           75%         3
 Ice Form                 Ice/Tmut       0%           98%         4
 Alistair's Intoxication  Tmut/Pois      0%           100%        5
 Blade Hands              Tmut           0%           100%        5

Inventory:

Hand Weapons
 a - a +0 war axe
 o - a +1 dagger of electrocution
 r - a +0 vampiric dagger
 t - a +2 dagger of venom (weapon)
 y - a +2 dagger of venom
Missiles
 c - 10 atropa-tipped darts (quivered)
 q - 58 poisoned darts
 J - a throwing net {=f=f}
Armour
 b - a +0 scale mail
 k - a +0 helmet (worn)
 n - a +0 cloak (worn)
 p - a +1 animal skin
 D - the +1 scale mail of the Trombone {Will+ Int+6}
   (You found it in a sewer)

   It affects your intelligence (+6).
   It affects your willpower, your defense against some magical effects.
 I - +0 steam dragon scales (worn)
 N - a +0 pair of boots (worn)
Jewellery
 g - an uncursed amulet of regeneration
 v - a ring of see invisible (right claw)
 A - an uncursed amulet of the acrobat
 G - an amulet of guardian spirit (around neck)
 H - an uncursed amulet of reflection
 P - a ring of poison resistance (left claw)
 Z - an uncursed ring of wizardry
Wands
 u - a wand of paralysis (11)
 x - a wand of enslavement (20)
 C - a wand of digging (5)
 E - a wand of iceblast (23)
 O - a wand of acid (11)
Scrolls
 e - 3 scrolls of enchant weapon
 f - 7 scrolls of teleportation {@r4@r4}
 h - 9 scrolls of identify {@r1@r1}
 i - a scroll of enchant armour {unknown}
 l - 6 scrolls of remove curse {@r2@r2}
 m - a scroll of amnesia
 B - a scroll of torment {unknown}
 F - a scroll of magic mapping
 K - a scroll of noise {unknown}
 L - a scroll of fear
 R - 2 scrolls of blinking
 S - a scroll of summoning {unknown}
Potions
 d - 5 potions of might
 j - 2 potions of brilliance
 w - 2 potions of cancellation
 z - 2 potions of flight
 M - 2 potions of haste {@q3@q3}
 Q - 3 potions of heal wounds {@q2@q2}
 T - 6 potions of curing {@q1@q1}
Books
 s - a manual of Axes {!d!d}

Dungeon Overview and Level Annotations

Branches:
Dungeon (8/15)             Temple (1/1) D:6            Lair (1/6) D:8
  Sewer (visited)

Altars:
Ashenzari
Dithmenos
Fedhas
Gozag
Hepliaklqana
Kikubaaqudgha
Makhleb
Qazlal
Ru
Sif Muna
Trog
Vehumet
Wu Jian
Xom
Yredelemnul
Zin
The Shining One

Shops:
D:5 *

Annotations:
D:3 1 runed translucent door, Crazy Yiuf
Lair:1 Urug

############ ##### ...........#
#...# ....((....### ##..##
...........(#### #...#
......(......#.## #...#
.....[............# ##..##
..............o..(#### #...#
................@...(##.###...#
....................####.....##
....................# ##.....#
...................## #......#
................>..# ##......#
...................###......## ##
...................##.......## #P
.............................###.
.#.#...........##.........)###...


You could see Urug (extremely poisoned).


Message History

Urug is moderately wounded.
You hit Urug but do no damage.
Urug is moderately wounded.
Urug misses you.
You hit Urug.
Urug looks even sicker.
Urug is moderately wounded.
You hit Urug but do no damage.
Urug looks as sick as possible!
Urug is moderately wounded.
You hit Urug but do no damage.
Urug looks as sick as possible!
Urug is moderately wounded.
Urug hits you with a +4 glaive!
* * * LOW HITPOINT WARNING * * *
Urug hits you from afar with a +4 glaive!!
* * * LOW HITPOINT WARNING * * *
Unknown command.
Urug throws a javelin.
The javelin closely misses you.
Urug throws a javelin.
The javelin barely misses you.
You feel better.
Use which ability? (? or * to list)
Aiming: Shadow Step
Press: ? - help, Dir - move target, f/p - Urug
Aim: Urug, wielding a +4 glaive and wearing a +0 scale mail (severely wounded, very poisoned, umbra)
You step into Urug's shadow.
Urug barely misses you.
You hit Urug but do no damage.
Urug looks as sick as possible!
Urug is severely wounded.
You closely miss Urug.
Urug is severely wounded.
Urug winks... or blinks.
Urug hits you with a +4 glaive!
You die...

Skill      XL: |  1  2  3  4  5  6  7  8  9 10 |
---------------+-------------------------------+-----
Axes           | 2 |  2.9
Shields        | 3 |  3.1
Armour         | 3 |  3.1
Short Blades   | 1 2 3 4 6 8 10 | 10.0
Stealth        | 1 2 3 4 7 9 10 | 10.0
Fighting       | 4 5 |  5.1
Invocations    | 2 4 |  4.0
Dodging        | 4 |  4.3

Action                   |  1- 3 |  4- 6 |  7- 9 | 10-12 || total
-------------------------+-------+-------+-------+-------++-------
Melee: War axe           |   156 |    29 |       |       ||   185
       Dagger            |       |   148 |   510 |   251 ||   909
Throw: Dart              |       |       |       |     4 ||     4
Invok: Shadow Step       |       |       |       |     1 ||     1
Evoke: Wand              |       |       |       |     1 ||     1
  Use: Potion            |       |     1 |    10 |     2 ||    13
       Scroll            |       |     4 |     6 |     2 ||    12
 Stab: Sleeping          |     1 |    15 |    32 |     8 ||    56
       Distracted        |       |       |     1 |     1 ||     2
       Paralysed         |       |       |       |     1 ||     1
Armor: Scale mail        |    92 |    22 |       |       ||   114
       Animal skin       |       |    45 |    37 |       ||    82
       Steam dragon scal |       |       |    46 |    50 ||    96
Dodge: Dodged            |    49 |    75 |   192 |   131 ||   447
Block: Kite shield       |    76 |    29 |       |       ||   105
       Other             |       |       |    45 |    45 ||    90
       Reflection        |       |       |       |     2 ||     2

Levels and vault maps discovered:
D:1:      mainiacjoe_arrival_reflecting_pool, layout_basic
D:2:      layout_basic, uniq_robin
D:3:      layout_loops_ring, roderic_lattice_a, grunt_qazlal_sundering,
          uniq_natasha, uniq_crazy_yiuf_cottage, uniq_ijyb, uniq_grinder
D:4:      layout_loops_ring, tso_metal_star
D:5:      layout_gridville, portal_sewer_entry_d, guppyfry_shop_venom
D:6:      layout_loops_ring, minmay_temple_entry_junction, uniq_maggie
D:7:      layout_basic, uniq_pikel
D:8:      layout_gridville, erik_lair_dragon, serial_ice, serial_ice_h,
          serial_ice_b, serial_ice_l, serial_ice_f, minmay_manual_mail,
          uniq_joseph
Temple:   roderic_octagonal_lattice_temple
Lair:1:   layout_hall_layers, uniq_urug

Notes
Turn   | Place    | Note
-------+----------+-------------------------------------------
     0 | D:1      | Dracia the Demonspawn Fighter began the quest for the Orb.
     0 | D:1      | Reached XP level 1. HP: 18/18 MP: 1/1
   133 | D:1      | Reached skill level 2 in Axes
   212 | D:1      | Gained mutation: You regenerate a little health from kills.
                  | [demonic ancestry]
   212 | D:1      | Reached XP level 2. HP: 17/24 MP: 2/2
   705 | D:2      | Gained mutation: You have a somewhat thin skeletal
                  | structure. (Dex +2, Stealth) [demonic ancestry]
   705 | D:2      | Reached XP level 3. HP: 28/29 MP: 3/3
   718 | D:2      | Reached skill level 3 in Shields
   747 | D:2      | Reached skill level 3 in Armour
  1109 | D:2      | Noticed Robin
  1166 | D:2      | Killed Robin
  1167 | D:2      | Gained mutation: Your flesh is cold resistant. (rC+)
                  | [demonic ancestry]
  1167 | D:2      | Reached XP level 4. HP: 32/35 MP: 4/4
  1777 | D:3      | Found a runed translucent door.
  1778 | D:3      | Noticed Crazy Yiuf
  1838 | D:3      | Noticed Natasha
  1858 | D:3      | Killed Natasha
  1918 | D:3      | Reached skill level 1 in Short Blades
  1918 | D:3      | Reached skill level 1 in Stealth
  2158 | D:3      | Reached XP level 5. HP: 40/42 MP: 5/5
  2178 | D:3      | Reached skill level 4 in Fighting
  2384 | D:3      | Noticed Ijyb
  2391 | D:3      | Paralysed by Ijyb for 2 turns
  2396 | D:3      | Killed Ijyb
  2397 | D:3      | Reached skill level 2 in Short Blades
  2397 | D:3      | Reached skill level 2 in Stealth
  2438 | D:3      | Found a stormy altar of Qazlal.
  2440 | D:3      | Noticed Natasha
  2451 | D:3      | Killed Natasha
  2452 | D:3      | Gained mutation: You have sharp fingernails. [demonic
                  | ancestry]
  2452 | D:3      | Reached XP level 6. HP: 43/49 MP: 6/6
  2515 | D:3      | Noticed Natasha
  2520 | D:3      | Killed Natasha
  2556 | D:3      | Noticed Grinder
  2569 | D:3      | Killed Grinder
  2570 | D:3      | Reached skill level 3 in Stealth
  3226 | D:4      | Reached skill level 3 in Short Blades
  3226 | D:4      | Reached XP level 7. HP: 55/55 MP: 7/7
  3277 | D:4      | Reached skill level 5 in Fighting
  4001 | D:4      | Found a glowing golden altar of the Shining One.
  4102 | D:4      | Reached skill level 4 in Stealth
  4219 | D:5      | Entered Level 5 of the Dungeon
  4284 | D:5      | Reached skill level 4 in Short Blades
  4302 | D:5      | Found a glowing drain.
  4316 | Sewer    | Entered a sewer
  4591 | Sewer    | Reached XP level 8. HP: 60/62 MP: 8/8
  4629 | Sewer    | Got a steaming scale mail
  4630 | Sewer    | Identified the +1 scale mail of the Trombone {Will+ Int+6}
                  | (You found it in a sewer)
  4736 | D:5      | Reached skill level 5 in Stealth
  4928 | D:5      | Found Zoah Sah's Serpentskin Sales.
  4934 | D:5      | Reached skill level 5 in Short Blades
  5066 | D:5      | Reached skill level 6 in Stealth
  5653 | D:6      | Reached skill level 6 in Short Blades
  5838 | D:6      | Found a staircase to the Ecumenical Temple.
  5942 | Temple   | Entered the Ecumenical Temple
  6078 | Temple   | Became a worshipper of Dithmenos the Shadowed
  6154 | D:6      | Noticed Maggie
  6203 | D:6      | Killed Maggie
  6204 | D:6      | Reached skill level 7 in Stealth
  6204 | D:6      | Gained mutation: You are immune to freezing clouds.
                  | [demonic ancestry]
  6204 | D:6      | Reached XP level 9. HP: 42/68 MP: 9/9
  7029 | D:7      | Reached skill level 7 in Short Blades
  7577 | D:7      | Reached * piety under Dithmenos
  7584 | D:7      | Reached skill level 8 in Stealth
  7851 | D:7      | Noticed Pikel
  7872 | D:7      | Killed Pikel
  7873 | D:7      | Reached skill level 8 in Short Blades
  8290 | D:7      | Learned a level 1 spell: Apportation
  8297 | D:7      | Learned a level 6 spell: Invisibility
  8348 | D:8      | Reached skill level 1 in Invocations
  8380 | D:8      | Reached skill level 9 in Stealth
  8436 | D:8      | Reached skill level 2 in Invocations
  8632 | D:8      | Gained mutation: You have a moderately thin skeletal
                  | structure. (Dex +4, Stealth+) [demonic ancestry]
  8632 | D:8      | Reached XP level 10. HP: 61/74 MP: 11/11
  8987 | D:8      | Reached skill level 3 in Invocations
  9099 | D:8      | HP: 7/74 [polar bear (2)]
  9274 | D:8      | Reached ** piety under Dithmenos
  9375 | D:8      | Noticed Joseph
  9382 | D:8      | Killed Joseph
  9383 | D:8      | Reached skill level 9 in Short Blades
  9464 | D:8      | Reached skill level 4 in Invocations
 10221 | D:8      | Reached skill level 10 in Short Blades
 10417 | D:8      | Found a staircase to the Lair.
 10424 | D:8      | Reached skill level 10 in Stealth
 10564 | Lair:1   | Entered Level 1 of the Lair of Beasts
 10571 | Lair:1   | Reached skill level 2 in Dodging
 11060 | Lair:1   | Reached skill level 3 in Dodging
 11105 | Lair:1   | Reached skill level 4 in Dodging
 11371 | Lair:1   | Noticed Urug
 11818 | Lair:1   | Slain by Urug

Vanquished Creatures
  Pikel (D:7)
  Joseph (D:8)
  Maggie (D:6)
  3 komodo dragons
  A polar bear (D:8)
  Grinder (D:3)
  A hornet (D:8)
  6 yaks
  A wraith (D:8)
  A wyvern (D:8)
  A basilisk (Lair:1)
  2 water moccasins
  A swamp drake (D:8)
  An ice beast (D:8)
  A sky beast (D:5)
  2 black bears
  5 ogres
  A wolf (D:8)
  2 centaurs (D:6)
  2 lemures (D:7)
  3 big kobolds
  9 bullfrogs
  A gnoll sergeant (D:7)
  A wyvern skeleton (D:8)
  4 scorpions
  3 wights (D:8)
  An electric eel (D:8)
  3 orc priests
  A hound (D:8)
  11 orc wizards
  3 jellies
  A bullfrog skeleton (D:7)
  A centaur skeleton (D:5)
  Ijyb (D:3)
  Natasha (thrice) (D:3)
  An iguana (D:7)
  4 worker ants
  A killer bee zombie (D:8)
  A bullfrog simulacrum (D:8)
  A hound skeleton (D:4)
  Robin (D:2)
  A worker ant zombie (D:8)
  8 gnolls
  10 adders
  A howler monkey skeleton (D:4)
  A shadow imp (D:5)
  3 white imps
  A worker ant simulacrum (D:8)
  3 ufetubi
  4 oozes
  An adder skeleton (D:7)
  3 worms
  7 leopard geckos
  24 orcs
  5 ball pythons
  9 bats
  4 giant cockroaches
  17 goblins
  14 hobgoblins
  15 jackals
  2 quokkas
  8 frilled lizards
  A jackal simulacrum (D:8)
  A jackal skeleton (D:8)
  A jackal zombie (D:7)
  21 kobolds
  A leopard gecko simulacrum (D:8)
  A leopard gecko zombie (D:6)
  A quokka skeleton (D:8)
  A quokka zombie (D:7)
  10 rats
269 creatures vanquished.

Vanquished Creatures (others)
  An orc (D:8)
  2 fungi (Lair:1)
  A plant (Lair:1)
4 creatures vanquished.

Grand Total: 273 creatures vanquished

Table legend: (Time is in decaauts)
 A = Elapsed time spent in this place.
 B = Non-inter-level travel time spent in this place.
 C = Inter-level travel time spent in this place.
 D = Time resting spent in this place.
 E = Time spent auto-exploring this place.
 F = Levels seen in this place.
 G = Mean time per level.
                   A        B        C        D        E       F      G
               +--------+--------+--------+--------+--------+-----+--------+
         Total |  11650 |  11327 |    323 |   2560 |   6284 |  11 | 1059.1 |
       Dungeon |   9946 |   9640 |    306 |   2062 |   5442 |   8 | 1243.2 |
        Temple |    152 |    136 |     16 |      0 |    131 |   1 |  152.0 |
          Lair |   1218 |   1218 |      0 |    498 |    544 |   1 | 1218.0 |
         Sewer |    331 |    331 |      0 |      0 |    166 |   1 |  331.0 |
               +--------+--------+--------+--------+--------+-----+--------+

Top non-repeatable levels by time:
     D:8: 2162 daAuts
     D:3: 1626 daAuts
     D:7: 1429 daAuts
  Lair:1: 1218 daAuts
     D:6: 1091 daAuts
     D:2: 1079 daAuts
     D:5: 978 daAuts
     D:4: 847 daAuts
     D:1: 730 daAuts
   Sewer: 331 daAuts
  Temple: 152 daAuts

Table legend:
 A = Non-vault XP
 B = Vault XP
 C = Vault XP percentage of total XP
 D = Non-vault monster count
 E = Vault monster count
 F = Vault count percentage of total count
                 A         B        C        D         E       F
            +---------+---------+-------+---------+---------+-------
      Total |    6228 |    4515 |  42.0 |     205 |      63 |  23.5
            +---------+---------+-------+---------+---------+-------
        D:1 |      36 |       0 |   0.0 |      19 |       0 |   0.0
        D:2 |      49 |      37 |  43.0 |      26 |      12 |  31.6
        D:3 |     293 |     344 |  54.0 |      36 |       3 |   7.7
        D:4 |     333 |       0 |   0.0 |      17 |       0 |   0.0
        D:5 |     513 |     180 |  26.0 |      20 |       3 |  13.0
        D:6 |     657 |     404 |  38.1 |      17 |       1 |   5.6
        D:7 |     983 |     607 |  38.2 |      30 |       1 |   3.2
        D:8 |    1617 |    2693 |  62.5 |      30 |      19 |  38.8
     Lair:1 |    1747 |       0 |   0.0 |      10 |       0 |   0.0
      Sewer |       0 |     250 | 100.0 |       0 |      24 | 100.0
            +---------+---------+-------+---------+---------+-------
